 Dungeon Crawl Stone Soup version 0.29-a0-563-g64e4043184 (webtiles) character file.

Game seed: 72710725256790184

10 josefromcouch the Insei (level 2, 18/27 HPs)
             Began as a Meteoran Monk on June 12, 2022.
             Was a Believer of Fedhas.
             Quit the game on level 1 of the Dungeon.
             The game lasted 00:00:50 (119 turns).

josefromcouch the Insei (Meteoran Monk)              Turns: 119, Time: 00:00:50

Health: 18/27      AC:  2    Str: 12    XL:     2   Next: 47%
Magic:  3/3        EV: 13    Int: 11    God:    Fedhas [**....]
Gold:   21         SH:  0    Dex: 16    Spells: 1/1 levels left

rFire   . . .      SeeInvis .     - Unarmed
rCold   . . .      Faith    .   (no shield)
rNeg    . . .      Spirit   .   a - +0 robe
rPois   .          Reflect  .   (no helmet)
rElec   .          Harm     .   (no cloak)
rCorr   .          Rampage  .   (no gloves)
Will    .....                   (no boots)
Stlth   +.........              (no amulet)
HPRegen 0.09/turn               (no ring)
MPRegen 0.08/turn               (no ring)

@: glowing
A: sense surroundings 1, otherworldly, glowing, explore regen
a: Renounce Religion, Wall of Briars


You were on level 1 of the Dungeon.
You worshipped Fedhas.
Fedhas was pleased with you.
You visited 1 branch of the dungeon, and saw 1 of its levels.

You collected 21 gold pieces.

Inventory:

Armour
 a - a +0 robe (worn)
Potions
 b - a potion of ambrosia
 c - a potion of flight {unknown}


   Skills:
 + Level 3.6 Fighting
 - Level 3.6 Dodging
 - Level 1.4 Stealth
 + Level 4.0 Unarmed Combat


You had one spell level left.
You didn't know any spells.
Your spell library contained the following spells:

 Spells                   Type           Power      Damage    Failure   Level
 Petrify                  Tmut/Erth      0%         N/A       98%         4
 Metabolic Englaciation   Hex/Ice        0%         N/A       100%        5
 Statue Form              Tmut/Erth      0%         N/A       100%        6


Dungeon Overview and Level Annotations

Branches:
Dungeon (1/15)

Altars:
Fedhas


Innate Abilities, Weirdness & Mutations

You passively map a small area around you.
You are easily found by Zot.
You glow in the dark.
You regain HP and MP as you explore.


Message History

You barely miss the endoplasm. The ball python bites you.
The ball python constricts you.
The endoplasm hits you but does no damage.
You hit the endoplasm.
The ball python bites you but does no damage.
The ball python constricts you.
You hit the endoplasm but do no damage. The endoplasm closely misses you.
The rat barely misses you. The ball python bites you.
The ball python constricts you.
You hit the endoplasm. The endoplasm freezes you.
You are frozen.
The ball python closely misses you. The ball python constricts you.
The rat closely misses you.
You hit the endoplasm.
You kill the endoplasm!
The ball python closely misses you. The ball python constricts you.
The rat bites you.
You hit the ball python.
You kill the ball python!
The rat closely misses you.
You hit the rat but do no damage. The rat bites you.
* * * LOW HITPOINT WARNING * * *
You hit the rat but do no damage. You punch the rat!
You kill the rat!
There is a faded altar of an unknown god here.
Nothing quivered!
You cannot tell which god this altar belongs to.
Convert to them anyway?
Fedhas accepts your prayer! Fedhas welcomes you!
You can now encircle yourself with summoned briar patches.
The plants of the dungeon cease their hostilities.
You enter the shallow water.
Moving in this stuff is going to be slow.
You now have 10 gold pieces.
Found a ring mail.
You now have 21 gold pieces (gained 11).
Found an emerald potion.
You pick up a book of Sloth and begin reading...
You add the spells Petrify, Metabolic Englaciation and Statue Form to your library.

, , #. * #. * #. ,
#.* * #. ,.!####.###
......#.[## ,
..####.@..##
*...........#
#####......#
#......# * #.#....#
#.##.#.# #.##.#.# ,*
#.##.#.#
.....########....#.#


There were no monsters in sight!

Vanquished Creatures
  2 ball pythons (D:1)
  A bat (D:1)
  An endoplasm (D:1)
  A giant cockroach (D:1)
  A goblin (D:1)
  A quokka (D:1)
  A frilled lizard (D:1)
  A rat (D:1)
9 creatures vanquished.

Notes
Turn   | Place    | Note
-------+----------+-------------------------------------------
     0 | D:1      | josefromcouch the Meteoran Monk began the quest for the
                  | Orb.
     0 | D:1      | Reached XP level 1. HP: 19/19 MP: 2/2
    65 | D:1      | Reached XP level 2. HP: 24/26 MP: 3/3
    69 | D:1      | Found a faded altar of an unknown god.
    73 | D:1      | Reached skill level 4 in Unarmed Combat
    93 | D:1      | Prayed at the altar of an unknown god.
    93 | D:1      | Became a worshipper of Fedhas Madash
    93 | D:1      | Reached * piety under Fedhas
    93 | D:1      | Reached ** piety under Fedhas
   119 | D:1      | Quit the game

Illustrated notes

Levels and vault maps discovered:
D:1:      dpeg_arrival_tiny_a, layout_loops_ring,
          chequers_ecumenical_altar_island

Skill      XL: |  1  2 |
---------------+-------+-----
Unarmed Combat | 4 |  4.0
Fighting       | |  3.6
Dodging        | |  3.6
Stealth        | |  1.4

Action                   || total
-------------------------++-------
Melee: Unarmed           ||    28
       Punch             ||     1
Armor: Robe              ||     7
Dodge: Dodged            ||    17

Table legend: (Time is in decaauts)
 A = Elapsed time spent in this place.
 B = Non-inter-level travel time spent in this place.
 C = Inter-level travel time spent in this place.
 D = Time resting spent in this place.
 E = Time spent auto-exploring this place.
 F = Levels seen in this place.
 G = Mean time per level.
                   A        B        C        D        E       F      G
               +--------+--------+--------+--------+--------+-----+--------+
         Total |    122 |    122 |      0 |      0 |     59 |   1 |  122.0 |
       Dungeon |    122 |    122 |      0 |      0 |     59 |   1 |  122.0 |
               +--------+--------+--------+--------+--------+-----+--------+

Top non-repeatable levels by time:
     D:1: 122 daAuts
